 Dungeon Crawl Stone Soup version 0.23.2 (webtiles) character file.

Game seed: 4074405025651403645

117872 Illumine the Commander (level 15, -6/140 HPs)
             Began as a Deep Dwarf Fighter on Oct 2, 2019.
             Was a High Priest of Okawaru.
             Drowned by a water nymph (10 damage)
             ... on level 4 of the Shoals.
             The game lasted 01:05:00 (16832 turns).

Illumine the Commander (Deep Dwarf Fighter)        Turns: 16832, Time: 01:05:01

Health: -6/140     AC: 27    Str: 28    XL:     15   Next: 93%
Magic:  5/9 (0)    EV: 13    Int:  5    God:    Okawaru [*****.]
Gold:   2185       SH: 15    Dex: 12    Spells: 14/14 levels left

rFire    + + .     SeeInvis +   j - +5 broad axe (venom)
rCold    + . .     Gourm    .   m - +2 shield
rNeg     + + +     Faith    .   K - +2 pearl dragon scales
rPois    +         Spirit   .   t - +2 hat {SInv}
rElec    .         Reflect  .   M - scarf {rC+ rF+}
rCorr    .         Harm     .   P - +5 pair of gloves of Ysirphen {rN+ MR+}
MR       +++..                  n - +0 pair of boots
Stlth    ..........             (no amulet)
HPRegen  0.00/turn              o - ring of Okawaru's Generosity {+Blink rF+ MP+9 Int-4 Slay+3}
MPRegen  0.11/turn              J - ring "Udatades" {rPois Str+2}

@: finesse, non-regenerating, very slow
A: damage resistance, heal wounds, negative energy resistance 1, sense
surroundings 2, no regeneration
}: 1/15 runes: barnacled
a: Heal Wounds, Heroism, Finesse, Renounce Religion, Evoke Blink


You were on level 4 of the Shoals.
You worshipped Okawaru.
Okawaru was extremely pleased with you.
You were hungry.

You visited 4 branches of the dungeon, and saw 27 of its levels.
You also visited: Gauntlet.

You collected 2350 gold pieces.
You spent 165 gold pieces at shops.

Inventory:

Hand Weapons
 g - the +5 flail of Faihago {drain, Str+2}
   (You found it on level 4 of the Lair of Beasts)

   A truly terrible weapon, it drains the life of those it strikes.
   It affects your strength (+2).
 j - a +5 broad axe of venom (weapon)
Missiles
 s - 5 tomahawks of returning (quivered)
 I - 6 silver javelins
Armour
 m - a +2 shield (worn)
 n - a +0 pair of boots (worn)
 t - a +2 hat of see invisible (worn)
 K - +2 pearl dragon scales (worn)
 M - a scarf of resistance (worn)
 P - the +5 pair of gloves of Ysirphen (worn) {rN+ MR+}
   (You found it on level 4 of the Lair of Beasts)

   It protects you from negative energy.
   It affects your resistance to hostile enchantments.
Jewellery
 o - the ring of Okawaru's Generosity (left hand) {+Blink rF+ MP+9 Int-4 Slay+3}
   (You found it on level 4 of the Dungeon)

   [ring of magical power]

   It affects your intelligence (-4).
   It affects your accuracy and damage with ranged weapons and melee attacks
   (+3).
   It protects you from fire.
   It affects your magic capacity (+9).
   It lets you blink.
 w - an uncursed ring of protection from cold
 H - an uncursed ring of protection from magic
 J - the ring "Udatades" (right hand) {rPois Str+2}
   (You found it in a Gauntlet)

   [ring of poison resistance]

   It affects your strength (+2).
   It protects you from poison.
 L - an uncursed ring of positive energy
Wands
 b - a wand of iceblast (6)
 q - a wand of digging (7)
 G - a wand of acid (5)
 V - a wand of paralysis (24)
Scrolls
 c - a scroll of enchant weapon
 e - 9 scrolls of teleportation
 h - 8 scrolls of fear
 p - 4 scrolls of magic mapping
 B - a scroll of blinking {unknown}
 Q - a scroll of acquirement {unknown}
 T - a scroll of holy word {unknown}
 Y - a scroll of vulnerability {unknown}
Potions
 d - 5 potions of might
 i - 4 potions of haste
 k - a potion of resistance
 l - 9 potions of curing
 z - 4 potions of invisibility
 R - 5 potions of flight
 X - a potion of cancellation
Miscellaneous
 D - a fan of gales
 O - a phantom mirror
Comestibles
 f - 40 rations


   Skills:
 + Level 10.4 Fighting
 + Level 13.1 Axes
 + Level 10.0 Throwing
 + Level 12.3 Armour
 + Level 6.6 Dodging
 + Level 12.3 Shields
 + Level 13.5 Invocations
 + Level 12.1 Evocations


You had 14 spell levels left.
You didn't know any spells.
Your spell library contained the following spells:

 Spells                   Type           Power        Failure   Level  Hunger
 Animate Skeleton         Necr           N/A          83%         1    ##.....
 Apportation              Tloc           #.....       83%         1    ##.....
 Beastly Appendage        Tmut           #.....       83%         1    ##.....
 Confusing Touch          Hex            #.....       83%         1    ##.....
 Corona                   Hex            #......      83%         1    ##.....
 Flame Tongue             Conj/Fire      #....        83%         1    ##.....
 Freeze                   Ice            #...         83%         1    ##.....
 Magic Dart               Conj           #...         83%         1    ##.....
 Pain                     Necr           #...         83%         1    ##.....
 Summon Butterflies       Summ           #.......     83%         1    ##.....
 Summon Small Mammal      Summ           #...         83%         1    ##.....
 Blink                    Tloc           N/A          93%         2    ###....
 Call Imp                 Summ           #.......     93%         2    ###....
 Ensorcelled Hibernation  Hex/Ice        #.....       93%         2    ###....
 Poisonous Vapours        Pois/Air       #.....       93%         2    ###....
 Searing Ray              Conj           #.....       93%         2    ###....
 Slow                     Hex            #.......     93%         2    ###....
 Sticks to Snakes         Tmut           #.......     93%         2    ###....
 Throw Flame              Conj/Fire      #.....       93%         2    ###....
 Throw Frost              Conj/Ice       #.....       93%         2    ###....
 Confuse                  Hex            #.......     99%         3    ####...
 Conjure Flame            Conj/Fire      #.......     99%         3    ####...
 Dazzling Spray           Conj/Hex       #.....       99%         3    ####...
 Inner Flame              Hex/Fire       #.......     99%         3    ####...
 Lesser Beckoning         Tloc           #.........   99%         3    ####...
 Mephitic Cloud           Conj/Pois/Air  #.......     99%         3    ####...
 Ozocubu's Armour         Chrm/Ice       #.......     99%         3    ####...
 Spider Form              Tmut/Pois      #.........   99%         3    ####...
 Tukima's Dance           Hex            #.......     99%         3    ####...
 Vampiric Draining        Necr           #.........   99%         3    ####...
 Animate Dead             Necr           N/A          100%        4    #####..
 Cause Fear               Hex            #.........   100%        4    #####..
 Force Lance              Conj/Tloc      #.......     100%        4    #####..
 Fulminant Prism          Conj/Hex       #.........   100%        4    #####..
 Ice Form                 Ice/Tmut       #.......     100%        4    #####..
 Iskenderun's Mystic Bla  Conj           #.......     100%        4    #####..
 Sticky Flame             Conj/Fire      #.......     100%        4    #####..
 Summon Ice Beast         Ice/Summ       #.......     100%        4    #####..
 Throw Icicle             Conj/Ice       #.......     100%        4    #####..
 Alistair's Intoxication  Tmut/Pois      #.......     100%        5    ######.
 Blade Hands              Tmut           #.........   100%        5    ######.
 Fireball                 Conj/Fire      #.........   100%        5    ######.
 Metabolic Englaciation   Hex/Ice        #.........   100%        5    ######.
 Silence                  Hex/Air        #.........   100%        5    ######.
 Yara's Violent Unravell  Hex/Tmut       #.........   100%        5    ######.
 Bolt of Cold             Conj/Ice       #.........   100%        6    #######
 Deflect Missiles         Chrm/Air       #.........   100%        6    #######
 Freezing Cloud           Conj/Ice/Air   #.........   100%        6    #######
 Invisibility             Hex            #.......     100%        6    #######
 Ozocubu's Refrigeration  Ice            #.........   100%        6    #######
 Simulacrum               Ice/Necr       #.........   100%        6    #######
 Ring of Flames           Chrm/Fire      #.........   100%        7    #######
 Discord                  Hex            #.........   100%        8    #######
 Regeneration             Chrm/Necr      Unusable     N/A         3    N/A

Dungeon Overview and Level Annotations

Branches:
Dungeon (15/15)            Temple (0/1) D:7            Lair (6/6) D:9
 Shoals (4/4) Lair:4       Spider (0/4) Lair:2        Slime (0/5) Lair:6
    Orc (2/2) D:12            Elf (0/3) Orc:2        Vaults (0/5) D:14
 Depths (0/5) D:15

Altars:
Ashenzari
Cheibriados
Fedhas
Okawaru
Ru
Sif Muna
Trog
Uskayaw
Vehumet
Wu Jian
The Shining One
Beogh
Jiyva

Shops:
D:5 *   D:6 %*[   D:12 [   Orc:2 *%}[

Annotations:
D:5 Prince Ribbit
Lair:5 exclusion: oklob plant
Orc:1 3 runed translucent doors, Kaxaet's ghost, journeyman MfVM
Orc:2 2 transporters, DadBeatsMe's ghost, journeyman MiBe


Innate Abilities, Weirdness & Mutations

You are resistant to damage.
You can heal yourself by infusing magical energy.
You resist negative energy. (rN+)
You passively map the area around you.
You do not regenerate.


Message History

You barely miss the merfolk siren.
The merfolk siren is almost dead.
You feel like a meek peon again.
You break out of your daze!
You kill the merfolk siren!
Okawaru accepts your kill.
Found a barnacled rune of Zot.
Things that are here:
a +0 trident; a merfolk corpse You enter the shallow water.
Moving in this stuff is going to be slow.
Things that are here:
a +1 trident of freezing; a +0 robe; a merfolk corpse You pick up the barnacled rune and feel its power.
Press } to see all the runes you have collected.
You enter the shallow water.
Moving in this stuff is going to be slow.
The water nymph touches you. The water nymph drowns you!
* * * LOW HITPOINT WARNING * * *
The water nymph touches you. The water nymph drowns you!
You die...

≈ ≈ ≈≈≈≈≈≈....... ≈≈
≈ ≈ ≈ ≈≈≈≈≈........ ≈
* ≈≈≈≈≈........≈ ≈ ,,
#######≈..≈≈.≈....≈≈
,
##.#.#.##≈.........≈≈
, ,,
#...≈...##≈.......≈≈≈
,
#.#.#..#≈.........≈≈
, ,
#≈...≈##............
≈ ,≈ ≈
##.#@#≈##............
≈ ≈ ≈
#...≈m≈.#≈...........
,≈
##.##≈))##...........
≈≈
#######)≈...........
≈ ≈#≈≈#≈≈)...........
.≈.≈.≈.)))..........
≈ ≈
≈...≈≈...≈[).........
≈≈...≈...)...#.#####
, .............### #


You could see a water nymph.

Vanquished Creatures
  Agnes (D:15)
  A frost giant (Shoals:4)
  A minotaur (Gauntlet)
  A merfolk javelineer (Shoals:4)
  3 merfolk impalers (Shoals:4)
  A blizzard demon (Gauntlet)
  A hydra (Lair:3)
  2 yaktaur captains
  An ice dragon (Lair:6)
  2 merfolk aquamancers (Shoals:4)
  2 merfolk avatars (Shoals:3)
  2 centaur warriors
  2 tengu warriors (D:15)
  3 two-headed ogres
  6 death yaks (Lair:6)
  9 orc high priests
  2 sea snakes
  An unseen horror (D:10)
  2 lindwurms (Lair:6)
  9 ugly things
  2 orc knights (D:15)
  3 harpies
  A wolf spider (Lair:6)
  A deep elf mage (D:14)
  4 manticores
  6 cyclopes
  2 orc sorcerers
  4 merfolk sirens
  A guardian serpent (Lair:6)
  7 black mambas
  An ice statue (Gauntlet)
  15 spiny frogs
  6 torpor snails
  3 gargoyles
  11 komodo dragons
  A minotaur zombie (Gauntlet)
  2 yaktaurs (D:14)
  3 rime drakes
  2 tengu conjurers (D:14)
  An ice devil (Gauntlet)
  5 trolls
  6 merfolk
  9 hornets
  3 tyrant leeches (Lair:6)
  3 wind drakes
  A queen bee (Lair:2)
  A polar bear (Lair:5)
  4 snapping turtles
  4 blink frogs (Lair:5)
  A harpy skeleton (D:15)
  22 slime creatures
  10 hippogriffs
  A meliai zombie (D:14)
  3 dream sheep (Shoals:3)
  6 redbacks
  4 spriggans (Lair:1)
  2 wraiths
  12 wyverns (Lair:6)
  58 yaks
  2 vampires
  A water elemental (Shoals:4)
  6 basilisks
  2 hungry ghosts (D:10)
  10 wargs
  A soldier ant (D:10)
  2 acid dragons
  24 water moccasins
  12 porcupines
  3 ice beasts
  19 orc warriors
  2 black bears
  2 phantoms (D:9)
  5 sky beasts
  8 ogres
  10 wolves
  An eye of draining (D:8)
  A necrophage (D:6)
  7 crocodiles
  10 centaurs
  3 big kobolds
  11 bullfrogs
  A gnoll sergeant (Orc:1)
  A wyvern zombie (D:8)
  A wyvern skeleton (D:13)
  3 scorpions
  40 killer bees
  4 howler monkeys
  9 wights
  8 crimson imps
  A lava snake (D:10)
  A quasit (D:10)
  9 centaur zombies
  4 bullfrog zombies
  6 hounds
  12 jellies
  10 orc wizards
  3 bullfrog skeletons
  4 centaur skeletons
  41 orc priests
  4 iguanas
  Natasha (thrice) (D:3)
  8 worker ants
  A hound skeleton (D:8)
  A worker ant zombie (D:6)
  27 gnolls
  14 adders
  5 shadow imps
  A white imp (Gauntlet)
  7 oozes
  2 worms
  3 dart slugs
  5 leopard geckos
  83 orcs
  A ball python (D:1)
  6 giant cockroaches
  11 goblins
  9 hobgoblins
  2 jackals (D:5)
  2 quokkas
  2 bats
  7 frilled lizards
  19 kobolds
  A quokka skeleton (D:9)
  7 rats
  6 fungi
  8 plants
828 creatures vanquished.

Vanquished Creatures (others)
  A merfolk impaler (Shoals:4)
  An unseen horror (D:11)
  A wizard (D:14)
  4 fungi
  9 plants
  2 withered plants (Gauntlet)
18 creatures vanquished.

Grand Total: 846 creatures vanquished

Notes
Turn   | Place    | Note
-------+----------+-------------------------------------------
     0 | D:1      | Illumine the Deep Dwarf Fighter began the quest for the
                  | Orb.
     0 | D:1      | Reached XP level 1. HP: 20/20 MP: 1/1
    63 | D:1      | Reached XP level 2. HP: 25/27 MP: 2/2
   143 | D:1      | Reached XP level 3. HP: 28/33 MP: 3/3
   511 | D:2      | Reached XP level 4. HP: 21/40 MP: 4/4
   537 | D:3      | Noticed Natasha
   552 | D:3      | Killed Natasha
   786 | D:3      | Reached XP level 5. HP: 34/46 MP: 4/4
   800 | D:3      | Reached skill level 5 in Axes
   826 | D:3      | Noticed Natasha
   852 | D:3      | Killed Natasha
  1056 | D:3      | Noticed Natasha
  1068 | D:3      | Killed Natasha
  1085 | D:3      | Reached skill level 5 in Shields
  1291 | D:4      | Reached XP level 6. HP: 47/55 MP: 5/5
  1301 | D:4      | Got a heavily runed bone ring
  1379 | D:4      | Found an iron altar of Okawaru.
  1389 | D:4      | Became a worshipper of Warmaster Okawaru
  1519 | D:4      | Identified the ring of Okawaru's Generosity {+Blink rF+
                  | MP+9 Int-4 Slay+3} (You found it on level 4 of the Dungeon)
  1759 | D:5      | Entered Level 5 of the Dungeon
  1832 | D:5      | Found Peerist Dipp's General Store.
  1956 | D:5      | Reached XP level 7. HP: 31/61 MP: 5/5
  1997 | D:5      | Reached * piety under Okawaru
  2105 | D:5      | Found a snail-covered altar of Cheibriados.
  2106 | D:5      | Found a shattered altar of Ashenzari.
  2108 | D:5      | Found an iron altar of Okawaru.
  2110 | D:5      | Found a radiant altar of Vehumet.
  2112 | D:5      | Found a sacrificial altar of Ru.
  2115 | D:5      | Found an ornate altar of the Wu Jian Council.
  2116 | D:5      | Found a blossoming altar of Fedhas.
  2159 | D:5      | Noticed Prince Ribbit
  2436 | D:6      | Reached skill level 1 in Invocations
  2506 | D:6      | Reached skill level 1 in Throwing
  2721 | D:6      | Reached ** piety under Okawaru
  2721 | D:6      | Reached XP level 8. HP: 58/69 MP: 8/8
  2841 | D:6      | Found Camolora's General Store.
  2841 | D:6      | Found Niwkeffank's Antique Armour Emporium.
  2845 | D:6      | Found Waigoir's Distillery.
  2846 | D:6      | Found Ylotyn's Food Emporium.
  2898 | D:6      | Reached skill level 5 in Armour
  3338 | D:7      | Found a staircase to the Ecumenical Temple.
  3723 | D:8      | Gained mutation: You passively map the area around you.
                  | [Deep Dwarf growth]
  3723 | D:8      | Reached XP level 9. HP: 43/78 MP: 9/9
  3758 | D:8      | Reached skill level 5 in Invocations
  3760 | D:8      | Reached *** piety under Okawaru
  3912 | D:8      | Found a viscous altar of Jiyva.
  4163 | D:9      | Noticed a two-headed ogre
  4168 | D:9      | Killed a two-headed ogre
  4168 | D:9      | Received a gift from Okawaru
  4168 | D:9      | Reached skill level 5 in Fighting
  4232 | D:9      | Received a gift from Okawaru
  4238 | D:9      | Reached XP level 10. HP: 41/88 MP: 10/10
  4497 | D:9      | Reached **** piety under Okawaru
  4534 | D:9      | Found a glowing golden altar of the Shining One.
  4732 | D:9      | Found a staircase to the Lair.
  4799 | Lair:1   | Entered Level 1 of the Lair of Beasts
  4837 | D:10     | Entered Level 10 of the Dungeon
  4881 | D:10     | Reached skill level 5 in Throwing
  4885 | D:10     | Reached skill level 1 in Evocations
  4924 | D:10     | Reached ***** piety under Okawaru
  5118 | D:10     | Noticed a gargoyle
  5130 | D:10     | Killed a gargoyle
  5130 | D:10     | Received a gift from Okawaru
  5400 | D:10     | Reached XP level 11. HP: 87/97 MP: 13/13
  5447 | D:10     | Killed an unseen horror
  6025 | D:11     | Killed an unseen horror
  6482 | D:12     | Noticed a two-headed ogre
  6491 | D:12     | Killed a two-headed ogre
  6491 | D:12     | Reached skill level 10 in Axes
  6497 | D:12     | Noticed a red ugly thing
  6498 | D:12     | Reached skill level 5 in Evocations
  6511 | D:12     | Killed a red ugly thing
  6519 | D:12     | Found Todgh's Armour Shoppe.
  6519 | D:12     | Found a staircase to the Orcish Mines.
  6551 | Orc:1    | Entered Level 1 of the Orcish Mines
  6600 | Orc:1    | Noticed an orc high priest
  6611 | Orc:1    | Noticed a sun demon
  6616 | Orc:1    | Killed an orc high priest
  6669 | Orc:1    | Found a runed translucent gate.
  6669 | Orc:1    | Found a runed translucent gate.
  6670 | Orc:1    | Found a runed translucent gate.
  6681 | Orc:1    | Noticed Kaxaet's ghost (journeyman MfVM)
  6854 | Orc:2    | Entered Level 2 of the Orcish Mines
  6875 | Orc:2    | Received a gift from Okawaru
  6938 | Orc:2    | Found a staircase to the Elven Halls.
  7009 | Orc:2    | Noticed an orc high priest
  7022 | Orc:2    | Noticed an orc high priest
  7025 | Orc:2    | Found Xoided's Gadget Boutique.
  7025 | Orc:2    | Found Cewaxije's Antique Armour Emporium.
  7033 | Orc:2    | Noticed a sixfirhy
  7038 | Orc:2    | Killed an orc high priest
  7050 | Orc:2    | Killed an orc high priest
  7050 | Orc:2    | Reached XP level 12. HP: 41/109 MP: 15/15
  7073 | Orc:2    | Bought a pair of glowing gloves for 165 gold pieces
  7101 | Orc:2    | Noticed an orc high priest
  7108 | Orc:2    | Noticed an orc high priest
  7126 | Orc:2    | Killed an orc high priest
  7142 | Orc:2    | Killed an orc high priest
  7162 | Orc:2    | Noticed an orc high priest
  7173 | Orc:2    | Killed an orc high priest
  7190 | Orc:2    | Found a roughly hewn altar of Beogh.
  7221 | Orc:2    | Found Ydureas's Assorted Antiques.
  7221 | Orc:2    | Noticed an orc high priest
  7221 | Orc:2    | Noticed an orc high priest
  7232 | Orc:2    | Killed an orc high priest
  7232 | Orc:2    | Reached skill level 10 in Shields
  7239 | Orc:2    | Killed an orc high priest
  7239 | Orc:2    | Reached skill level 10 in Invocations
  7272 | Orc:2    | Noticed an orc high priest
  7288 | Orc:2    | Found Yfups's Food Emporium.
  7292 | Orc:2    | Killed an orc high priest
  7575 | Orc:2    | Found a transporter.
  7581 | Orc:2    | Noticed DadBeatsMe's ghost (journeyman MiBe)
  7593 | Orc:2    | Found a transporter.
  7650 | Orc:2    | Found a radiant altar of Vehumet.
  8037 | D:12     | Got a twisted hand crossbow
  8775 | Lair:2   | Reached ****** piety under Okawaru
  8929 | Lair:2   | Received a gift from Okawaru
  8930 | Lair:2   | Got a jewelled battleaxe {god gift}
  8938 | Lair:2   | Identified the +6 battleaxe "Nudoraunei" {antimagic, rN+}
                  | (Okawaru gifted it to you on level 2 of the Lair of Beasts)
  8972 | Lair:2   | Reached XP level 13. HP: 93/117 MP: 7/13
  9003 | Lair:2   | Reached skill level 10 in Armour
  9109 | Lair:2   | Found a hole to the Spider Nest.
  9265 | Lair:3   | Identified the +2 hand crossbow of Temperance {freeze,
                  | rElec Int+4 Dex+2} (You found it on level 12 of the
                  | Dungeon)
  9347 | Lair:3   | Got a jacinth-encrusted plate armour
  9391 | Lair:3   | Identified the +4 plate armour of Depression {+Blink rF+
                  | Int-3} (You found it on level 3 of the Lair of Beasts)
  9788 | Lair:4   | Got a warped flail
  9833 | Lair:4   | Identified the +5 flail of Faihago {drain, Str+2} (You
                  | found it on level 4 of the Lair of Beasts)
 10007 | Lair:4   | Found a staircase to the Shoals.
 10098 | Lair:4   | Received a gift from Okawaru
 10318 | Lair:4   | Got a pair of bloodstained gloves
 10329 | Lair:4   | Identified the +5 pair of gloves of Ysirphen {rN+ MR+} (You
                  | found it on level 4 of the Lair of Beasts)
 10537 | Lair:5   | Reached skill level 1 in Dodging
 10675 | Lair:5   | Found a deep blue altar of Sif Muna.
 10896 | Lair:6   | Entered Level 6 of the Lair of Beasts
 10917 | Lair:6   | Received a gift from Okawaru
 10969 | Lair:6   | Found a hide-covered altar of Uskayaw.
 11070 | Lair:6   | Gained mutation: You resist negative energy. (rN+) [Deep
                  | Dwarf growth]
 11070 | Lair:6   | Reached XP level 14. HP: 85/129 MP: 9/9
 11140 | Lair:6   | Found a viscous altar of Jiyva.
 11140 | Lair:6   | Found a staircase to the Slime Pits.
 11164 | Lair:6   | Received a gift from Okawaru
 11245 | Lair:6   | Reached skill level 10 in Evocations
 11886 | Lair:6   | Found a runed translucent door.
 11914 | Lair:6   | Paralysed by a hornet for 1 turns
 12027 | Lair:6   | Paralysed by a hornet for 2 turns
 12333 | Shoals:1 | Entered Level 1 of the Shoals
 13168 | D:13     | Received a gift from Okawaru
 13704 | D:13     | Received a gift from Okawaru
 13865 | D:14     | Received a gift from Okawaru
 13941 | D:14     | Found a gate to the Vaults.
 14048 | D:14     | Reached skill level 5 in Dodging
 14080 | D:14     | Reached XP level 15. HP: 32/138 MP: 8/8
 14497 | D:14     | Found a bloodstained altar of Trog.
 14578 | D:15     | Entered Level 15 of the Dungeon
 14660 | D:15     | Found a gate leading to a gauntlet.
 14680 | Gauntlet | Entered a Gauntlet
 14680 | Gauntlet | Found a transporter.
 14688 | Gauntlet | Found a transporter.
 14690 | Gauntlet | Found a transporter.
 14692 | Gauntlet | Found a transporter.
 14707 | Gauntlet | Found the amulet of the Four Winds {rN+ MR+++ Clar}
 14730 | Gauntlet | Found a transporter.
 14745 | Gauntlet | Found a transporter.
 14750 | Gauntlet | Found a transporter.
 14765 | Gauntlet | Found a transporter.
 14784 | Gauntlet | Found a transporter.
 14796 | Gauntlet | Found a transporter.
 14801 | Gauntlet | Found a transporter.
 14803 | Gauntlet | Found a transporter.
 14820 | Gauntlet | Found a transporter.
 14852 | Gauntlet | Found a transporter.
 14859 | Gauntlet | Found a transporter.
 14871 | Gauntlet | Found a large runed translucent door.
 14872 | Gauntlet | Found a large runed translucent door.
 14873 | Gauntlet | Found a large runed translucent door.
 14874 | Gauntlet | Found a runed translucent gate.
 14875 | Gauntlet | Found a transporter.
 14875 | Gauntlet | Found a runed translucent gate.
 14876 | Gauntlet | Found a runed translucent gate.
 14877 | Gauntlet | Found a large runed translucent door.
 14878 | Gauntlet | Found a large runed translucent door.
 14879 | Gauntlet | Found a large runed translucent door.
 14886 | Gauntlet | Found a large runed translucent door.
 14886 | Gauntlet | Found a large runed translucent door.
 14888 | Gauntlet | Found a large runed translucent door.
 14888 | Gauntlet | Found a large runed translucent door.
 14888 | Gauntlet | Found a runed translucent door.
 14888 | Gauntlet | Found a runed translucent door.
 14889 | Gauntlet | Found a large runed translucent door.
 14890 | Gauntlet | Found a large runed translucent door.
 14892 | Gauntlet | Found a transporter.
 14899 | Gauntlet | Found a large runed translucent door.
 14899 | Gauntlet | Found a large runed translucent door.
 14900 | Gauntlet | Found a large runed translucent door.
 14901 | Gauntlet | Found a large runed translucent door.
 14911 | Gauntlet | Found a transporter.
 15069 | Gauntlet | Got a sparkling platinum ring
 15071 | Gauntlet | Identified the ring "Udatades" {rPois Str+2} (You found it
                  | in a Gauntlet)
 15145 | Gauntlet | Got a brightly glowing gossamer ring
 15168 | Gauntlet | Identified the cursed +0 chain mail of Ysicuots {Regen+}
 15180 | Gauntlet | Received a gift from Okawaru
 15180 | Gauntlet | Reached skill level 10 in Fighting
 15190 | Gauntlet | Identified the ring of a Billion Yaks {Wiz rPois} (You
                  | found it in a Gauntlet)
 15494 | D:15     | Received a gift from Okawaru
 15583 | D:15     | Noticed Agnes
 15602 | D:15     | Killed Agnes
 15602 | D:15     | Received a gift from Okawaru
 15781 | D:15     | Found a staircase to the Depths.
 16533 | Shoals:4 | Entered Level 4 of the Shoals
 16693 | Shoals:4 | Reached skill level 10 in Throwing
 16776 | Shoals:4 | Noticed a frost giant
 16785 | Shoals:4 | Received a gift from Okawaru
 16792 | Shoals:4 | Killed a frost giant
 16831 | Shoals:4 | Got a barnacled rune of Zot
 16832 | Shoals:4 | HP: 4/140 [drowned by a water nymph (4)]
 16832 | Shoals:4 | Drowned by a water nymph

Skill      XL: |  1  2  3  4  5  6  7  8  9 10 11 12 13 14 15 |
---------------+----------------------------------------------+-----
Axes           | 3 4 5 6 7 8 9 10 11 12 13 | 13.1
Shields        | 4 5 6 7 8 9 10 11 12 | 12.3
Armour         | 4 5 6 7 9 10 11 12 | 12.3
Invocations    | 2 4 6 8 9 10 11 12 13 | 13.5
Fighting       | 3 4 5 6 7 8 9 10 | 10.4
Throwing       | 1 3 4 5 6 7 8 9 10 | 10.0
Evocations     | 3 6 8 9 11 12 | 12.1
Dodging        | 2 5 6 |  6.6

Action                   |  1- 3 |  4- 6 |  7- 9 | 10-12 | 13-15 || total
-------------------------+-------+-------+-------+-------+-------++-------
Melee: War axe           |    94 |   186 |   237 |       |       ||   517
       Broad axe         |       |       |    54 |   682 |  1132 ||  1868
       Battleaxe         |       |       |       |     9 |       ||     9
       Punch             |       |       |       |       |     1 ||     1
Throw: Tomahawk          |       |     2 |       |    14 |    23 ||    39
Invok: Heroism           |       |       |     4 |    11 |    20 ||    35
       Finesse           |       |       |       |     2 |     7 ||     9
 Abil: Heal Wounds       |       |     6 |    10 |    31 |    59 ||   106
Evoke: Wand              |       |       |       |     3 |     2 ||     5
  Use: Scroll            |       |     2 |     6 |     5 |    22 ||    35
       Potion            |       |       |     1 |       |     7 ||     8
 Stab: Distracted        |       |       |       |       |     1 ||     1
  Eat: Chunk             |       |     4 |     4 |     9 |     9 ||    26
       Ration            |       |       |     1 |     3 |     5 ||     9
Armor: Scale mail        |    34 |    42 |       |       |       ||    76
       Plate armour      |       |    20 |   173 |    15 |       ||   208
       Pearl dragon scal |       |       |       |   260 |   509 ||   769
Dodge: Dodged            |    29 |    38 |    73 |   184 |   430 ||   754
Block: Shield            |    52 |    80 |   200 |   417 |   768 ||  1517
